← All builds
Front / Armada / Economy first / OBSERVED BUILD

Stout rush

Armada Front build order · Supreme Isthmus

A T1 vehicle assault built around early Stout tanks from the Vehicle Plant starting 4:33, reaching the middle well ahead of the norm and sometimes pushing into the enemy base before settling into the standard later mix.

#rush #raid · 62 distinct matches · 32 players · 2% of Armada Front games · team won 47% of 62 · Recently observed

THE CATCH, AND WHAT COMES WITH IT
  • StoutT1 vehicle assault from 4:33 · 9% of role by thenFrom the Vehicle Plant. Only 9% of Front games have it by then; others who build it get it around 6:14
  • StoutStout in 71%3% of all Front games by then

Where those units first fight, in 59 games with kill data: in the middle 97%.

Those units destroy a typical 1,064 metal of enemy units by 15:00.

Then transitions into blitz (12% of army), janus (11% of army).

HOW TO PLAY IT

Key timing: Stout push by 4:58

  1. Rush an early Vehicle Plant well ahead of role norm.
  2. Finish the Vehicle Plant almost immediately.
  3. Push out early Stout tanks to fight in the middle.
  4. Keep feeding Stout tanks as the main army.
  5. Reclaim the Vehicle Plant and transition toward Bot Lab tech.

Phase by phase

TYPICAL OF ITS 62 GAMES · AGAINST STANDARD FRONT
  1. 1
  2. 2
  3. 3
PLAY THE OPENING

Follow the example game's first 6:00 step by step: what to build now, what comes next, and where it goes. At 1× it keeps pace with your own game.

  1. 1

    Up to the Vehicle Plant

    Economy
    • Metal Extractor2Mex
    Order
    1. Vehicle PlantVehicle Plant after 2 mexdone ~0:42, middle half 0:35–0:48

    Some games also: wind (45%)

    By 0:23 in all: 2 mex

    The example game in this phase · 3 steps
    1. Mex ×2
    2. Wind
    3. Vehicle PlantVehicle Plantdone 0:41 · typical 0:42
  2. 2

    Vehicle Plant to T1 vehicle assault

    Economy
    • Metal Extractor4Mex
    • Wind Turbine2Wind
    Order
    1. StoutT1 vehicle assault after 6 mex, 3 wind
    Builders
    • Construction Vehicle3 Con vehicle +3 vs standard
    Army
    • Sentry1 Sentry
    • Rover3 Scout +3 vs standard
    • Janus3 Janus +3 vs standard
    • Blitz2 Blitz +2 vs standard

    The standard build makes here, this one skips: 4 rocketeer

    By 4:11 in all: 6 mex · 3 wind

    The example game in this phase · 38 steps
    1. RoverScout ×2
    2. Wind
    3. RoverScout ×2
    4. Construction VehicleCon vehicle
    5. Wind
    6. BlitzBlitz
    7. Mex
    8. BlitzBlitz ×2
    9. JanusJanus
    10. Wind ×2
    11. Mex
    12. JanusJanus
    13. Construction VehicleCon vehicle
    14. Converter
    15. JanusJanus
    16. Mex
    17. WhistlerMissile truck
    18. SentrySentry
    19. WhistlerMissile truck
    20. Mex
    21. Converter
    22. WhistlerMissile truck
    23. Con turret
    24. Construction VehicleCon vehicle
    25. SentrySentry
    26. Radar TowerRadar Tower
    27. Construction VehicleCon vehicle
    28. WhistlerMissile truck
    29. BeamerBeamer
    30. JanusJanus ×2
    31. Con turret
    32. Energy storage
    33. BeamerBeamer
    34. WhistlerMissile truck
    35. Wind ×4
    36. WhistlerMissile truck
    37. BlitzBlitz
    38. StoutStoutdone 6:09
  3. 3

    T1 vehicle assault to 10:00

    Economy
    • Metal Extractor1Mex
    • Wind Turbine10Wind−8 vs standard
    • Energy Storage1Energy storage
    Builders
    • Construction Turret1 Con turret
    Army
    • Sentry2 Sentry
    • Stout11 Stout +11 vs standard

    Some games also: con vehicle (47%) · converter (45%) · Radar Tower (35%) · Beamer (34%) · Dragon's Teeth (31%) · eat Vehicle Plant (34%)

    By 10:00 in all: 7 mex · 18 wind · 1 energy storage · 2 con turret

    The example game in this phase · 311 steps
    1. Wind
    2. BeamerBeamer
    3. StoutStout
    4. Solar
    5. StoutStout
    6. Radar TowerRadar Tower
    7. Wind
    8. Con turret
    9. StoutStout
    10. Wind
    11. Con turret
    12. BlitzBlitz ×2
    13. BeamerBeamer
    14. BlitzBlitz
    15. Wind ×2
    16. BlitzBlitz
    17. BeamerBeamer
    18. Wind
    19. StoutStout
    20. Wind
    21. Advanced Metal ExtractorT2 mexdone 8:07 · typical 9:21
    22. Con turret
    23. StoutStout ×2
    24. Advanced Metal ExtractorT2 mex
    25. Con turret
    26. Wind ×2
    27. StoutStout
    28. Wind ×2
    29. BeamerBeamer
    30. Wind ×2
    31. Sneaky PeteSneaky Pete
    32. Wind ×2
    33. StoutStout
    34. Wind ×2
    35. Mex
    36. Advanced Metal ExtractorT2 mex
    37. Wind
    38. StoutStout
    39. Wind ×4
    40. GuardGuard
    41. StoutStout
    42. Wind
    43. Con turret
    44. GuardGuard
    45. Wind
    46. Con turret ×2
    47. StoutStout
    48. Wind ×2
    49. StoutStout
    50. Wind ×2
    51. StoutStout
    52. Wind ×2
    53. Dragon's TeethDragon's Teeth ×2
    54. StoutStout
    55. Dragon's TeethDragon's Teeth
    56. Wind
    57. Dragon's TeethDragon's Teeth
    58. Wind
    59. Dragon's TeethDragon's Teeth ×4
    60. StoutStout
    61. Wind
    62. Advanced Metal ExtractorT2 mex
    63. Dragon's TeethDragon's Teeth
    64. Wind
    65. Dragon's TeethDragon's Teeth
    66. StoutStout ×2
    67. Wind ×2
    68. Bot LabBot Labdone 10:51
    69. StoutStout
    70. Wind
    71. Bot LabBot Labdone 10:45
    72. RoverScout
    73. Wind ×2
    74. TickTick ×3
    75. Con turret
    76. TickTick ×2
    77. Wind
    78. RoverScout
    79. TickTick
    80. Wind
    81. TickTick ×2
    82. Con turret
    83. TickTick
    84. RoverScout
    85. TickTick
    86. Con turret
    87. Wind
    88. Construction BotCon bot
    89. TickTick
    90. RoverScout
    91. Wind
    92. TickTick ×2
    93. Wind
    94. TickTick
    95. RoverScout
    96. TickTick
    97. Construction BotCon bot
    98. TickTick
    99. RoverScout
    100. Wind
    101. TickTick
    102. Wind
    103. Construction BotCon bot
    104. TickTick
    105. RoverScout
    106. TickTick
    107. RoverScout
    108. Wind
    109. Construction BotCon bot
    110. TickTick
    111. Advanced Metal ExtractorT2 mex
    112. RoverScout
    113. TickTick
    114. Wind
    115. Construction BotCon bot
    116. RoverScout
    117. TickTick
    118. Wind
    119. TickTick
    120. RoverScout
    121. TickTick
    122. RoverScout
    123. Wind
    124. TickTick
    125. RoverScout ×2
    126. TickTick
    127. RoverScout
    128. Construction BotCon bot
    129. TickTick
    130. Wind
    131. RoverScout
    132. TickTick
    133. Wind
    134. Construction BotCon bot
    135. TickTick
    136. RoverScout
    137. Wind
    138. TickTick
    139. Construction BotCon bot
    140. RoverScout
    141. Construction BotCon bot
    142. RoverScout
    143. Construction BotCon bot
    144. SentrySentry
    145. RoverScout
    146. Construction BotCon bot
    147. Wind
    148. Construction BotCon bot
    149. RoverScout ×2
    150. Wind
    151. RoverScout
    152. Construction BotCon bot
    153. Wind
    154. RoverScout
    155. SentrySentry
    156. TickTick
    157. RoverScout
    158. TickTick
    159. RoverScout
    160. TickTick
    161. RoverScout
    162. TickTick
    163. RoverScout
    164. TickTick
    165. SentrySentry
    166. RoverScout
    167. TickTick
    168. RoverScout
    169. TickTick
    170. RoverScout
    171. TickTick
    172. Wind
    173. TickTick
    174. RoverScout
    175. TickTick
    176. RoverScout
    177. TickTick
    178. RoverScout
    179. TickTick
    180. RoverScout
    181. TickTick
    182. SentrySentry
    183. TickTick
    184. RoverScout
    185. Sneaky PeteSneaky Pete
    186. TickTick
    187. RoverScout
    188. TickTick
    189. Construction BotCon bot
    190. RoverScout
    191. TickTick ×2
    192. RoverScout
    193. SentrySentry
    194. TickTick
    195. RoverScout
    196. TickTick
    197. RoverScout
    198. Wind
    199. RoverScout
    200. TickTick
    201. RoverScout ×2
    202. TickTick
    203. Con turret
    204. TickTick
    205. RoverScout ×2
    206. Advanced Metal ExtractorT2 mex
    207. TickTick
    208. RoverScout ×2
    209. Bot LabEat Bot Labreclaimed for its metal
    210. TickTick
    211. RoverScout
    212. TickTick
    213. RoverScout ×2
    214. TickTick
    215. RoverScout
    216. TickTick
    217. RoverScout
    218. Con turret
    219. TickTick
    220. RoverScout
    221. Converter
    222. TickTick
    223. RoverScout
    224. TickTick
    225. RoverScout
    226. TickTick
    227. Converter
    228. RoverScout
    229. TickTick
    230. SentrySentry
    231. RoverScout
    232. TickTick
    233. Converter
    234. RoverScout
    235. TickTick
    236. Converter
    237. TickTick
    238. RoverScout
    239. TickTick
    240. SentrySentry
    241. RoverScout
    242. TickTick ×2
    243. RoverScout
    244. TickTick
    245. Converter
    246. RoverScout
    247. TickTick
    248. SentrySentry
    249. Converter
    250. TickTick
    251. RoverScout
    252. TickTick ×2
    253. RoverScout
    254. Converter
    255. TickTick
    256. RoverScout
    257. TickTick
    258. Advanced Metal ExtractorT2 mex
    259. TickTick
    260. RoverScout
    261. Converter
    262. TickTick
    263. Converter
    264. SentrySentry
    265. RoverScout
    266. TickTick
    267. RoverScout
    268. TickTick
    269. Converter
    270. RoverScout
    271. TickTick
    272. RoverScout
    273. TickTick ×2
    274. Converter
    275. RoverScout
    276. Converter
    277. TickTick ×2
    278. RoverScout
    279. TickTick
    280. Converter
    281. TickTick
    282. RoverScout
    283. TickTick ×2
    284. RoverScout
    285. TickTick
    286. Advanced Vehicle PlantAdvanced Vehicle Plantnot finished by 15:00
    287. TickTick
    288. RoverScout
    289. Con turret
    290. TickTick
    291. Converter
    292. TickTick ×2
    293. RoverScout
    294. TickTick
    295. Con turret
    296. TickTick ×4
    297. Wind
    298. TickTick
    299. RoverScout
    300. Converter
    301. TickTick
    302. RoverScout
    303. RattlesnakeRattlesnakenot finished by 15:00
    304. TickTick
    305. RoverScout
    306. Converter
    307. RoverScout
    308. TickTick
    309. Wind ×2
    310. TickTick
    311. Wind ×2

Counts are medians over the build's games: half of them build more, half fewer. The example game is Thors_Hammer's (31 OS, 05/10/2026); pick another.

Team trades

IN AT LEAST 30% OF ITS GAMES

You hand over

Nothing regular.

You get

  • Tidal Generator4 Tidal from Pondfirst at 0:18 · in 71% of games
  • Advanced Construction Bot1 T2 con bot from Geo or Techfirst at 7:20 · in 60% of games

How it plays out

Typical game of this build against the role’s standard build, running totals by minute

  • This build
  • Standard front

Metal produced

010k20k30k
0:005:0010:0015:00

metal

Enemy metal destroyed

05k10k
0:005:0010:0015:00

metal

Own metal lost

05k10k
0:005:0010:0015:00

metal

62 games.

Show as table
ByMetal produced: This buildMetal produced: Standard frontEnemy metal destroyed: This buildEnemy metal destroyed: Standard frontOwn metal lost: This buildOwn metal lost: Standard front
1:003323330000
2:0081284037213131
3:0016271618134135124108
4:0027132700455522316333
5:00382338478991128711787
6:00500950351611192812001428
7:00624162502229272021702303
8:00749775352770354628783173
9:00874489733347433037964071
10:0010321105423844501145494810
11:0011997123754700554056005548
12:0014457145285077599860076409
13:0016606168595432647063997001
14:0019121192175790718671637827
15:0022118218496139787087798694
WHAT THE NUMBERS SAY

Won much less often than the standard build and destroyed less enemy metal despite similar losses, a losing rush.

  • + Metal production stays basically level with standard through 15:00.
  • − Team win rate falls sharply (31% vs 62% standard).
  • − Enemy metal destroyed trails standard at both 10:00 and 15:00.
THE EXAMPLE YOU ARE READING

Thors_Hammer

31.2 OS · 05/10/2026

Open source match ↗

6 received units · includes a constructor
1755 metal received · 43106 energy received

Allied construction assistance is unknown. Timings are observations, not a promise of solo reproducibility.

Typical milestones

Vehicle Plant0:42Middle 50%: 0:35–0:48 · n=62
Advanced Metal Extractor9:21Middle 50%: 8:15–10:19 · n=52

Played most by

TheGeneraI13games of this buildVaticineur9games of this buildImmort6games of this buildRosie3games of this buildBigJohnny22games of this build